 Dungeon Crawl Stone Soup version 0.17.0-28-g6e173f8 (console) character file.

208 Kloppie the Insei (level 5, -6/46 HPs)
             Began as a Draconian Transmuter on Nov 25, 2015.
             Mangled by an orc priest
             ... wielding a +0 trident
              (9 damage)
             ... on level 3 of the Dungeon.
             The game lasted 00:06:52 (3142 turns).

Kloppie the Insei (Draconian Transmuter)            Turns: 3142, Time: 00:06:52

Health: -6/46      AC:  5    Str: 12    XL:     5   Next: 55%
Magic:  8/8        EV: 12    Int: 14    God:
Gold:   119        SH:  0    Dex: 12    Spells: 2 memorised, 4 levels left

rFire  . . .     SeeInvis .       - Unarmed
rCold  . . .     Clarity  .     (armour unavailable)
rNeg   . . .     SustAt   .     (no shield)
rPois  .         Gourm    .     (helmet restricted)
rElec  .         Spirit   .     (no cloak)
rCorr  .         Warding  .     (no gloves)
rMut   .         Stasis   .     (no boots)
MR     .....                    (no amulet)
Stlth  ++........               (no ring)
                                k - ring of stealth

@: not resistant to hostile enchantments, unstealthy
A: unfitting armour, cold-blooded, AC +5
a: no special abilities


You were on level 3 of the Dungeon.
You were hungry.

You visited 1 branch of the dungeon, and saw 4 of its levels.
You also visited: Sewer.

You collected 119 gold pieces.

Inventory:

Missiles
 a - 34 arrows
Jewellery
 k - a ring of stealth (left hand)
Scrolls
 d - a scroll of remove curse {unknown}
 f - a scroll of amnesia {unknown}
 g - a scroll of immolation {unknown}
 i - 3 scrolls of identify {unknown}
 j - a scroll of enchant armour {unknown}
 l - a scroll of blinking {unknown}
 n - a scroll of fear {unknown}
 o - 5 scrolls of teleportation {unknown}
Potions
 e - 3 potions of haste {unknown}
 h - a potion of lignification {unknown}
 p - 2 potions of heal wounds {unknown}
 r - 3 potions of poison {unknown}
Books
 b - a book of Changes

   Spells                             Type                      Level
   a - Beastly Appendage              Transmutation                1
   b - Sticks to Snakes               Transmutation                2
   c - Spider Form                    Transmutation/Poison         3
   d - Ice Form                       Ice/Transmutation            4
   e - Blade Hands                    Transmutation                5
Comestibles
 c - 2 bread rations
 m - a meat ration


   Skills:
 + Level 3.7 Fighting
 - Level 1.7 Dodging
 + Level 4.7 Unarmed Combat
 - Level 2.0 Spellcasting
 + Level 3.1 Transmutations


You had 4 spell levels left.
You knew the following spells:

 Your Spells              Type           Power        Failure   Level  Hunger
a - Beastly Appendage     Trmt           ##....       10%         1    ##.....
b - Spider Form           Trmt/Pois      #.........   38%         3    ####...


Dungeon Overview and Level Annotations

Branches:
Dungeon (4/15)
 Temple: D:4-7

Altars:
Fedhas
Qazlal
Zin

Shops:
D:4 }

Annotations:
D:2 Jessica, Sigmund


Innate Abilities, Weirdness & Mutations

Your plain brown scales are hard (AC +5).
Your body does not fit into most forms of armour.
You are cold-blooded and may be slowed by cold attacks.


Message History

You hit the orc priest. You headbutt the orc priest!
You punch the orc priest, but do no damage.
The orc priest is severely wounded.
The orc priest misses you.
You barely miss the orc priest. You tail-slap the orc priest.
The orc priest is severely wounded.
Your horns disappear.
The orc priest hits you with a trident.
* * * LOW HITPOINT WARNING * * *
You barely miss the orc priest.
The orc priest is severely wounded.
The orc priest calls down the wrath of Beogh upon you.
Pain shoots through your body!
* * * LOW HITPOINT WARNING * * *
You hit the orc priest.
The orc priest is almost dead.
You closely miss the orc priest.
The orc priest is almost dead.
The orc priest hits you with a trident!
You die...

#.>###.#.##..###
#...............
##.###.#.##..##
#.# #.#.##..###
#.# #.#.##....#.#
#.# #.#.........#
#.# #.####.##.#.#
#.# #)# #.# # #.
#@# #.# #
#.###o####.##.###.
#.......o..o......
#####....o........
#######.......
....... .......
..o..o. .......


You could see an orc priest.

Vanquished Creatures
  A hound (D:4)
  An orc wizard (D:3)
  4 river rats (Sewer)
  5 adders
  4 giant geckos
  6 orcs
  4 ball pythons (Sewer)
  3 bats
  4 giant cockroaches (D:4)
  2 goblins
  5 hobgoblins
  5 jackals
  8 giant newts
  4 kobolds
  A quokka (D:4)
  8 rats
65 creatures vanquished.

Vanquished Creatures (others)
  A worker ant (D:4)
  An adder (D:4)
2 creatures vanquished.

Grand Total: 67 creatures vanquished

Notes
Turn   | Place    | Note
--------------------------------------------------------------
     0 | D:1      | Kloppie the Draconian Transmuter began the quest for the Orb.
     0 | D:1      | Reached XP level 1. HP: 16/16 MP: 3/3
   473 | D:1      | Reached XP level 2. HP: 24/24 MP: 5/5
   745 | D:2      | Reached XP level 3. HP: 27/30 MP: 6/6
   759 | D:2      | Noticed Jessica
   778 | D:2      | Noticed Sigmund
  1113 | D:4      | Found a blossoming altar of Fedhas.
  1126 | D:4      | Found a blossoming altar of Fedhas.
  1229 | D:4      | Reached skill level 4 in Unarmed Combat
  1362 | D:4      | Found a glowing drain.
  1366 | Sewer    | Entered a sewer
  1425 | Sewer    | Reached XP level 4. HP: 13/38 MP: 5/7
  1693 | Sewer    | Learned a level 3 spell: Spider Form
  2504 | D:4      | Reached XP level 5. HP: 33/45 MP: 6/8
  2733 | D:4      | Found Foupucw's Gadget Boutique.
  2808 | D:4      | Found a glowing silver altar of Zin.
  2843 | D:4      | Found a stormy altar of Qazlal.
  3142 | D:3      | Mangled by an orc priest

Action                   |  1- 3 |  4- 6 || total
-------------------------+-------+-------++-------
Melee: Unarmed           |   140 |   124 ||   264
 Cast: Beastly Appendage |     5 |     7 ||    12
 Stab: Sleeping          |     2 |     4 ||     6
  Eat: Chunk             |     2 |     5 ||     7
